cohdb
Replays
Latest Replays
All Replays
Popular Replays
Top Player Replays
Match Explorer
How It Works
Community
CoH3 Stats
Reddit
Sign in to upload your games and track your stats! →
Sign in with Steam
Match 41831473
Unlisted
Match 41831473
Overview
Messages
Build Orders
End
Engineer Squad
Construct Barracks
Riflemen Squad
1⁄4-ton 4x4 Truck
Riflemen Squad
M1 Mortar Team
Riflemen Squad
Construct Medical Station
Air Support Center
Construct Motor Pool
Grasshopper Recon Run
Selects Advanced Infantry Battlegroup
Selects Convert to Ranger Squad
Selects Designate Assault Position
Riflemen Squad
Convert to Ranger Squad
M24 Chaffee Light Tank
Grasshopper Recon Run
Grenade Package
Selects Artillery Observers
M24 Chaffee Light Tank
Grasshopper Recon Run
M1918 Browning Automatic Rifles
M24 Chaffee Light Tank
Designate Assault Position
Grasshopper Recon Run
Selects Infantry Assault
Selects M2A1 105mm Howitzer Emplacement
P-47 Strafing Run
Construct Tank Depot
Infantry Assault
P-47 Dive Bomb
P-47 Strafing Run
Selects 155mm Rapid Artillery Barrage
Grasshopper Recon Run
Riflemen Squad
M4A1 Sherman Medium Tank
Infantry Assault
P-47 Dive Bomb
M18 Hellcat Tank Destroyer
Engineer Squad
Designate Assault Position
Grasshopper Recon Run
Infantry Assault
Riflemen Squad
Double Sortie
155mm Rapid Artillery Barrage
Mauan
Grand.G
0
0
Comments
sign in to comment!
No comments posted yet!